AoeStats
← BigOleGiraffe

Arena

510053465Analyzed
2v2 RM · 4d ago on Sep 29, 2026· 21m 20s· 4 players
Game mode
Random Map
Map size
Medium (4 player)
Population
200
Speed
Normal
Resources
Standard
Victory
Conquest
Starting age
Dark Age
Ending age
Imperial Age
RankedLock teamsTeams togetherTeam positionsShared explorationLock speedFull tech treeHidden civsTurbo modeCheats
Victory
Defeat
🇨🇦 Varangians · Canada
1018
+13
🇨🇦 Danes · Canada
935
+17
🇨🇳 Persians · China
980
-16
🇷🇺 Bohemians · Russia
939
-14
GTX-5090
4:37 Loom
10:45 Feudal Age
11:12 Double-Bit Axe
11:08 Horse Collar
12:07 Wheelbarrow
12:40 Town Watch
19:30 Castle Age
17:59 Fletching
18:09 Padded Archer Armor
18:14 Gold Mining
19:20 Stone Mining
20:51 Bow Saw
20:17 Crossbowman
21:18 Heavy Plow
X-you
10:47 Feudal Age
11:34 Loom
16:05 Castle Age
14:44 Double-Bit Axe
14:41 Horse Collar
15:40 Wheelbarrow
18:17 Bow Saw
BigOleGiraffe
10:07 Feudal Age
14:38 Castle Age
13:20 Double-Bit Axe
13:26 Horse Collar
14:04 Gold Mining
14:39 Fletching
16:38 Bow Saw
21:42 Ballistics
vince.dion123
10:27 Feudal Age
12:19 Double-Bit Axe
14:43 Castle Age
13:09 Horse Collar
14:15 Loom
Connection lost

Rejoining the realm…

Still unreachable

The connection could not be restored.

Session expired

The server has moved on; the page needs a fresh start.